AoeStats
← Zaissi

Arena

510376026Analyzed
4v4 RM · 19h ago on Sep 30, 2026· 37m 22s· 8 players
Game mode
Random Map
Map size
Large (8 player)
Population
200
Speed
Normal
Resources
Standard
Victory
Conquest
Starting age
Dark Age
Ending age
Imperial Age
RankedLock teamsTeams togetherTeam positionsShared explorationLock speedFull tech treeHidden civsTurbo modeCheats
Victory
Defeat
🇹🇷 Huns · Türkiye
1612
+14
🇬🇧 Maya · United Kingdom
1574
+16
🇫🇮 Gurjaras · Finland
1553
+17
🇪🇸 Muisca · Spain
1530
+18
🇨🇳 Franks · China
1615
-17
🇨🇳 Varangians · China
1584
-17
🇨🇳 Mongols · China
1561
-16
🇨🇳 Bohemians · China
1531
-15
Zaissi
9:58 Feudal Age
11:41 Double-Bit Axe
16:38 Castle Age
14:30 Horse Collar
14:42 Gold Mining
18:10 Bow Saw
18:03 Heavy Plow
18:43 Wheelbarrow
25:11 Loom
25:24 Stone Mining
26:13 Gold Shaft Mining
26:19 Scale Barding Armor
29:55 Imperial Age
28:07 Chain Barding Armor
27:57 Forging
28:00 Bloodlines
27:50 Husbandry
27:41 Fletching
29:21 Hand Cart
30:56 Iron Casting
31:09 Ballistics
30:46 Bodkin Arrow
30:47 Heavy Camel Rider
31:47 Town Watch
32:39 Plate Barding Armor
32:36 Crop Rotation
33:11 Chemistry
32:29 Bracer
32:18 Man-at-Arms
33:25 Scale Mail Armor
33:19 Long Swordsman
34:03 Two-Handed Swordsman
34:31 Arson
35:02 Chain Mail Armor
36:34 Plate Mail Armor
36:42 Town Patrol
37:46 Masonry
Chopper
0:26 Loom
9:50 Feudal Age
10:29 Double-Bit Axe
12:10 Fletching
12:55 Horse Collar
20:07 Castle Age
19:14 Gold Mining
21:19 Bow Saw
21:15 Heavy Plow
27:18 Imperial Age
25:23 Bodkin Arrow
25:52 Padded Archer Armor
27:39 Thumb Ring
28:03 Bracer
30:09 Conscription
31:41 Chemistry
31:04 Ballistics
32:36 Wheelbarrow
33:50 Leather Archer Armor
34:08 Elite Plumed Archer
37:04 Ring Archer Armor
37:13 Hand Cart
38:03 Two-Man Saw
nicetobeatyou
11:10 Feudal Age
12:13 Horse Collar
14:55 Castle Age
12:48 Double-Bit Axe
15:58 Bow Saw
15:49 Heavy Plow
22:22 Wheelbarrow
23:30 Gold Mining
27:22 Imperial Age
24:51 Stone Mining
25:10 Scale Barding Armor
25:56 Forging
25:34 Loom
26:08 Hand Cart
26:21 Bloodlines
26:12 Husbandry
26:22 Town Watch
27:06 Chain Barding Armor
27:59 Iron Casting
29:04 Plate Barding Armor
29:45 Two-Man Saw
29:20 Town Patrol
29:33 Marauders
28:54 Elite Tarkan
30:58 Blast Furnace
30:33 Conscription
31:47 Guilds
32:08 Coinage
31:38 Caravan
36:14 Banking
TdB. rauL
10:05 Feudal Age
13:39 Castle Age
11:47 Double-Bit Axe
13:02 Horse Collar
13:22 Gold Mining
13:45 Stone Mining
14:34 Bow Saw
16:43 Loom
19:56 Fletching
20:49 Bodkin Arrow
22:12 Padded Archer Armor
23:53 Wheelbarrow
30:26 Imperial Age
28:36 Leather Archer Armor
28:47 Ballistics
28:56 Heavy Plow
30:22 Treadmill Crane
31:39 Bracer
32:41 Chemistry
33:25 Conscription
35:22 Hand Cart
35:45 Herbalism
36:42 Elite Guecha Warrior
37:24 Town Watch
Marlin
10:08 Feudal Age
14:02 Castle Age
12:06 Double-Bit Axe
12:16 Horse Collar
17:09 Bow Saw
22:05 Wheelbarrow
21:17 Loom
22:37 Heavy Plow
23:57 Gold Mining
23:58 Stone Mining
27:44 Imperial Age
25:37 Hand Cart
25:44 Scale Mail Armor
26:17 Forging
26:47 Chain Mail Armor
27:19 Squires
27:05 Arson
28:51 Iron Casting
28:37 Elite Varangian Guard
30:26 Conscription
29:42 Gothikon
31:13 Capped Ram
31:43 Gambesons
31:46 Town Watch
32:17 Masonry
33:35 Blast Furnace
33:04 Fortified Wall
34:15 Plate Mail Armor
白心悠哉
10:29 Feudal Age
10:45 Loom
14:06 Castle Age
13:41 Double-Bit Axe
13:44 Loom
15:11 Horse Collar
21:00 Bow Saw
21:02 Fervor
21:42 Fervor
24:00 Wheelbarrow
24:06 Heavy Plow
29:15 Imperial Age
26:47 Town Watch
28:48 Chemistry
28:41 Hand Cart
28:50 Ballistics
29:53 Wagenburg Tactics
30:03 Siege Engineers
31:07 Two-Man Saw
32:57 Conscription
33:58 Capped Ram
34:02 Elite Hussite Wagon
牛比无极限
9:09 Feudal Age
14:06 Castle Age
12:48 Double-Bit Axe
12:46 Horse Collar
13:57 Loom
14:51 Wheelbarrow
15:51 Bow Saw
20:52 Fletching
21:32 Bodkin Arrow
21:59 Gold Mining
23:18 Bloodlines
23:22 Padded Archer Armor
25:11 Ballistics
28:04 Leather Archer Armor
28:38 Heavy Plow
33:33 Hand Cart
37:29 Imperial Age
Long-Long-Way
10:57 Feudal Age
14:28 Castle Age
13:30 Double-Bit Axe
15:22 Bow Saw
22:12 Gold Mining
24:04 Wheelbarrow
23:15 Loom
28:29 Imperial Age
26:54 Scale Barding Armor
27:20 Scale Mail Armor
27:31 Forging
27:40 Hand Cart
27:57 Squires
27:43 Gambesons
27:19 Pikeman
28:33 Husbandry
29:17 Chain Mail Armor
30:34 Iron Casting
29:20 Halberdier
31:12 Plate Mail Armor
31:03 Chain Barding Armor
30:41 Stone Mining
31:33 Conscription
31:25 Elite Throwing Axeman
33:38 Blast Furnace
34:15 Hoardings
34:13 Fortified Wall
34:14 Masonry
Connection lost

Rejoining the realm…

Still unreachable

The connection could not be restored.

Session expired

The server has moved on; the page needs a fresh start.